 Dungeon Crawl Stone Soup version 0.30-a0-852-g08b95dd62f (webtiles) character file.

Game seed: 18068443317075053648

139 demibob the Insei (level 5, -9/55 HPs)
             Began as a Demonspawn Wanderer on Mar 4, 2023.
             Was a Priest of Jiyva.
             Mangled by an ice beast (13 damage)
             ... on level 3 of the Dungeon.
             The game lasted 00:02:21 (2210 turns).

demibob the Insei (Demonspawn Wanderer)             Turns: 2210, Time: 00:02:22

Health: -9/55      AC: 22    Str: 12    XL:     5   Next: 1%
Magic:  6/6        EV:  2    Int: 15    God:    Jiyva [***...]
Gold:   90         SH:  0    Dex: 13    Spells: 5/6 levels left

rFire   . . .      SeeInvis .      - Unarmed
rCold   . . .      Faith    .    (no shield)
rNeg    . . .      Spirit   .    e - melded +0 robe
rPois   +          Reflect  .    c - melded +0 helmet
rElec   .          Rampage  .    (cloak currently unavailable)
rCorr   +          NoTele   +    (gloves currently unavailable)
Will    .....                    (boots currently unavailable)
Stlth   ++                       (no amulet)
HPRegen 1.41/turn                (no ring)
MPRegen 0.45/turn                (no ring)

@: mighty, tree-form
A: stationary, stasis, torment immunity, boosted hp, (icy blue scales 1),
(demonic touch 1)
a: Renounce Religion, Oozemancy


You were on level 3 of the Dungeon.
You worshipped Jiyva.
Jiyva was most pleased with you.
You were a tree.
You visited 1 branch of the dungeon, and saw 3 of its levels.

You collected 90 gold pieces.


Innate Abilities, Weirdness & Mutations

You are a tree.
Your roots penetrate the ground, keeping you stationary.
You cannot be teleported.
You are immune to unholy pain and torment.
Your maximum health is greatly increased.
Your equipment is partially melded.
((You are partially covered in icy blue scales. (AC +2)))
((Your touch may inflict minor irresistible damage on your foes.))


   Skills:
 - Level 1.0 Fighting
 - Level 2.4 Short Blades
 - Level 1.7 Throwing
 + Level 1.7 Dodging
 - Level 1.0 Stealth
 + Level 3.3 Unarmed Combat
 - Level 1.0 Spellcasting
 - Level 2.6 Translocations


You had 5 spell levels left.
You knew the following spells:

 Your Spells              Type           Power      Damage    Failure   Level
a - Apportation           Tloc           16%        N/A       9%          1

Your spell library contained the following spells:

 Spells                   Type           Power      Damage    Failure   Level
 Shock                    Conj/Air       0%         1d3       24%         1
 Vhi's Electric Charge    Tloc/Air       8%         N/A       38%         3
 Ozocubu's Armour         Ice            0%         N/A       58%         3
 Swiftness                Air            0%         N/A       58%         3
 Airstrike                Air            0%         2d(0-16)  94%         4
 Metabolic Englaciation   Hex/Ice        0%         N/A       100%        5
 Simulacrum               Ice/Necr       0%         N/A       100%        6

Inventory:

Hand Weapons
 a - a +2 dagger
Missiles
 b - 4 curare-tipped darts (quivered) {=f}
 g - 2 poisoned darts
Armour
 c - a +0 helmet (melded)
 e - a +0 robe (melded)
Scrolls
 d - a scroll of blinking
 f - 3 scrolls of fear
 h - a scroll of identify {@r1}
 i - a scroll of poison {unknown}
 k - a scroll of silence {unknown}
 m - a scroll of immolation {unknown}
Potions
 n - a potion of attraction {unknown}

Dungeon Overview and Level Annotations

Branches:
Dungeon (3/15)

Altars:
Jiyva

####.### # . ......# . ..
...#.#.# ###.#..#.#.# ........#.#
###.##.#.J.##.###
#..>............#
##.#+#..♣Y.....#.#
......#.########.# ##
.................# .#
.............##..#### .#
##..................# .#######
#...........##..##.#
J).......................##.#
.##########..........##.###'#####
.........##...........#.#.......#


You could see an ice beast and a neutral jelly (wandering) (fellow slime).


Message History

The ice beast is lightly wounded.
The ice beast hits you. The ice beast freezes you!
* * * LOW HITPOINT WARNING * * *
You are too injured to fight recklessly!
You are too injured to fight recklessly!
You are too injured to fight recklessly!
You are too injured to fight recklessly!
You are too injured to fight recklessly!
You are too injured to fight recklessly!
You are too injured to fight recklessly!
You are too injured to fight recklessly!
You are too injured to fight recklessly!
You are too injured to fight recklessly!
You are too injured to fight recklessly!
You are too injured to fight recklessly!
The ice beast attacks as you move away! The ice beast hits you.
* * * LOW HITPOINT WARNING * * *
The ice beast freezes you!
* * * LOW HITPOINT WARNING * * *
It was a potion of lignification.
You turn into a tree.
Your +0 helmet melds into your body.
Your +0 robe melds into your body.
Your roots penetrate the ground.
You hear a slurping noise.
The ice beast hits you but does no damage.
It was a potion of might.
You feel very mighty all of a sudden. The ice beast hits you.
* * * LOW HITPOINT WARNING * * *
The ice beast freezes you!
You die...

Skill      XL: |  1  2  3  4 |
---------------+-------------+-----
Short Blades   | 1 2 |  2.4
Unarmed Combat | 2 3 |  3.3
Fighting       | |  1.0
Throwing       | |  1.7
Dodging        | |  1.7
Stealth        | |  1.0
Spellcasting   | |  1.0
Translocations | |  2.6

Action                     |  1- 3 |  4- 6 || total
---------------------------+-------+-------++-------
  Melee: Dagger            |   100 |    57 ||   157
         Touch             |     8 |     8 ||    16
         Punch             |     1 |     1 ||     2
         Unarmed           |       |     9 ||     9
    Use: Scroll            |     1 |       ||     1
         Potion            |       |     2 ||     2
   Stab: Distracted        |     1 |       ||     1
         Sleeping          |     2 |       ||     2
 Armour: Robe              |    20 |    13 ||    33
         Skin              |       |     1 ||     1
  Dodge: Dodged            |    80 |    32 ||   112

Levels and vault maps discovered:
D:1:      dpeg_arrival_long_road, layout_loops_corners,
          chequers_serial_rivers_small_a, minmay_box_of_dots
D:2:      layout_basic, shapermc_ecumenical_altar_mp_highgroup
D:3:      minmay_angry_zag, layout_basic

Notes
Turn   | Place    | Note
-------+----------+-------------------------------------------
     0 | D:1      | demibob the Demonspawn Wanderer began the quest for the
                  | Orb.
     0 | D:1      | demibob set off with the following items: a +2 dagger, 4
                  | curare-tipped darts {=f}, a +0 helmet, a scroll of
                  | blinking, a +0 robe; and the following spell memorised:
                  | Apportation; and the following spells available to
                  | memorise: Vhi's Electric Charge.
     0 | D:1      | Reached XP level 1. HP: 15/15 MP: 2/2
   339 | D:1      | Reached skill level 1 in Short Blades
   514 | D:1      | Gained mutation: Your touch may inflict minor irresistible
                  | damage on your foes. [demonic ancestry]
   514 | D:1      | Reached XP level 2. HP: 21/21 MP: 3/3
   722 | D:1      | Reached skill level 2 in Short Blades
   889 | D:2      | Found a faded altar of an unknown god.
  1070 | D:2      | Prayed at the altar of an unknown god.
  1070 | D:2      | Became a worshipper of Jiyva Jelebb the Shapeless
  1070 | D:2      | Reached * piety under Jiyva
  1078 | D:2      | Reached XP level 3. HP: 26/26 MP: 4/4
  1266 | D:2      | Reached skill level 1 in Unarmed Combat
  1325 | D:2      | Reached ** piety under Jiyva
  1877 | D:3      | Reached skill level 2 in Unarmed Combat
  1882 | D:3      | Gained mutation: You are partially covered in icy blue
                  | scales. (AC +2) [demonic ancestry]
  1882 | D:3      | Reached XP level 4. HP: 16/32 MP: 5/5
  2041 | D:3      | Reached *** piety under Jiyva
  2070 | D:3      | Reached skill level 3 in Unarmed Combat
  2150 | D:3      | Reached XP level 5. HP: 33/37 MP: 6/6
  2202 | D:3      | Noticed an ice beast
  2208 | D:3      | HP: 1/37 [ice beast (11)]
  2210 | D:3      | Mangled by an ice beast

Vanquished Creatures
  An orc wizard (D:3)
  3 gnolls (D:3)
  4 adders
  A worm (D:2)
  7 orcs (D:3)
  4 bats
  An endoplasm (D:1)
  4 giant cockroaches
  4 goblins
  6 hobgoblins
  4 jackals
  2 kobolds (D:3)
  4 ball pythons
  3 frilled lizards (D:2)
  8 rats
56 creatures vanquished.

Vanquished Creatures (others)
  2 orcs (D:3)
  A jackal (D:2)
  A quokka (D:2)
  A frilled lizard (D:3)
5 creatures vanquished.

Grand Total: 61 creatures vanquished

Table legend: (Time is in decaauts)
 A = Elapsed time spent in this place.
 B = Non-inter-level travel time spent in this place.
 C = Inter-level travel time spent in this place.
 D = Time resting spent in this place.
 E = Time spent auto-exploring this place.
 F = Levels seen in this place.
 G = Mean time per level.
                   A        B        C        D        E       F      G
               +--------+--------+--------+--------+--------+-----+--------+
         Total |   2192 |   2154 |     38 |    165 |   1662 |   3 |  730.7 |
       Dungeon |   2192 |   2154 |     38 |    165 |   1662 |   3 |  730.7 |
               +--------+--------+--------+--------+--------+-----+--------+

Top non-repeatable levels by time:
     D:2: 977 daAuts
     D:1: 880 daAuts
     D:3: 334 daAuts

Table legend:
 A = Non-vault XP
 B = Vault XP
 C = Vault XP percentage of total XP
 D = Non-vault monster count
 E = Vault monster count
 F = Vault count percentage of total count
                 A         B        C        D         E       F
            +---------+---------+-------+---------+---------+-------
      Total |     197 |       2 |   1.0 |      54 |       2 |   3.6
            +---------+---------+-------+---------+---------+-------
        D:1 |      23 |       2 |   8.0 |      13 |       2 |  13.3
        D:2 |      65 |       0 |   0.0 |      17 |       0 |   0.0
        D:3 |     109 |       0 |   0.0 |      24 |       0 |   0.0
            +---------+---------+-------+---------+---------+-------
